Map: 이페머론 - 래더

Players

Trap

  • Race: Protoss Protoss
  • Spawn Location: 11:00

Solar - Winner!

  • Race: Zerg Zerg
  • Spawn Location: 5:00

Event: IEM Katowice 2020

VOD

Have the link to the VOD?

Description

Time

  • Played on: Feb. 28, 2020, 7:58 a.m.
  • Length: 9:42

All games in this series

Show
View Real Time Build Order
Export as new Build Order

Trap Protoss 

Build Orders: 1 Gate Expand, Oracle Opening, Phoenix Opening 

Get SALT Encoding   

  12  0:00  Probe  
  13  0:12  Probe  
  14  0:17  Pylon  
  14  0:24  Probe (Chrono Boost)  
  15  0:36  Probe (Chrono Boost)  
  16  0:44  Gateway  
  16  0:45  Probe (Chrono Boost)  
  16  0:46  Assimilator  
  17  0:50  Probe  
  18  1:03  Probe  
  19  1:15  Probe  
  20  1:23  Nexus  
  20  1:34  Cybernetics Core  
  20  1:37  Probe  
  21  1:43  Assimilator  
  21  1:49  Probe  
  21  1:52  Pylon  
  22  2:01  Probe  
  23  2:07  Adept (Chrono Boost)  
  23  2:13  Probe  
  26  2:16  Stargate  
  26  2:24  Warp Gate  
  26  2:30  Adept  
  26  2:31  Probe (Chrono Boost)  
  26  2:36  Probe (Chrono Boost)  
  30  2:42  Probe (Chrono Boost)  
  32  2:44  Probe (Chrono Boost)  
  32  2:47  Probe (Chrono Boost)  
  32  2:49  Probe (Chrono Boost)  
  33  2:57  Probe  
  35  3:01  Phoenix (Chrono Boost), Probe  
  35  3:03  Adept  
  40  3:09  Probe  
  40  3:12  Pylon  
  41  3:14  Probe  
  42  3:21  Probe  
  42  3:23  Oracle (Chrono Boost)  
  46  3:30  Probe  
  46  3:34  Probe  
  48  3:45  Probe  
  48  3:46  Probe, Assimilator  
  48  3:47  Twilight Council  
  50  3:51  Adept  
  50  3:53  Gateway, Pylon  
  52  3:57  Probe  
  52  3:58  Probe  
  52  4:02  Assimilator  
  54  4:10  Gateway  
  54  4:13  Gateway  
  54  4:14  Gateway  
  54  4:19  Pylon  
  54  4:31  Nexus  
  54  4:32  Resonating Glaives (Chrono Boost)  
  54  4:36  Probe x2  
  55  4:46  Sentry  
  57  4:55  Adept  
  57  4:58  Pylon  
  59  5:00  Pylon  
  59  5:09  Robotics Facility  
  59  5:11  Adept x4  
  68  5:14  Probe x2  
  68  5:18  Adept  
  68  5:20  Pylon  
  71  5:37  Adept x4  
  71  5:38  Adept  
  77  5:46  Probe x2 (Chrono Boost)  
  77  5:47  Probe (Chrono Boost)  
  80  5:52  Forge  
  80  5:56  Probe x3 (Chrono Boost)  
  78  5:57  Adept x2  
  78  6:01  Probe x3 (Chrono Boost)  
  84  6:17  Probe x3  
  83  6:20  Immortal (Chrono Boost)  
  85  6:27  Charge  
  85  6:30  Probe x3, Pylon x2  
  88  6:36  Sentry x3  
  94  6:41  Assimilator  
  94  6:42  Probe x2  
  94  6:44  Assimilator  
  95  6:49  Protoss Ground Weapons Level 1  
  95  6:50  Immortal (Chrono Boost)  
  99  6:57  Sentry, Stalker  
  103  7:01  Stalker x2  
  103  7:06  Stalker  
  105  7:10  Probe x2  
  105  7:11  Probe  
  100  7:21  Gateway  
  104  7:24  Gateway  
  104  7:26  Gateway  
  104  7:29  Probe x3  
  107  7:30  Stalker  
  107  7:33  Immortal (Chrono Boost), Sentry, Zealot  
  111  7:38  Phoenix (Chrono Boost)  
  111  7:42  Probe x3  
  116  7:47  Shield Battery  
  116  7:48  Shield Battery  
  116  7:52  Zealot  
  116  7:54  Sentry  
  116  7:55  Phoenix (Chrono Boost)  
  122  8:02  Pylon  
  122  8:05  Adept  
  124  8:18  Robotics Facility  
  124  8:19  Robotics Bay  
  124  8:20  Adept x4  
  126  8:27  Pylon  
  126  8:33  Pylon  
  126  8:34  Shield Battery x2  
  126  8:35  Pylon  
  126  8:43  Adept  
  126  8:44  Adept  
  126  8:45  Adept  
  126  8:46  Adept x4  
  130  8:52  Adept  
  126  8:59  Immortal (Chrono Boost)  
  120  9:07  Adept x6  
  118  9:10  Adept  
  118  9:14  Disruptor (Chrono Boost)  
  103  9:18  Adept  
  91  9:27  Zealot x3  
  91  9:28  Zealot  
  94  9:33  Adept x2  
Show
View Real Time Build Order
Export as new Build Order

Solar Zerg - Winner!

Build Orders: Hatch First, Swarm Host 

Get SALT Encoding   

  12  0:01  Drone  
  13  0:12  Overlord  
  13  0:16  Drone  
  14  0:31  Drone x2  
  16  0:48  Hatchery  
  15  0:52  Drone  
  15  0:55  Drone  
  17  0:58  Drone  
  18  1:10  Extractor  
  17  1:14  Spawning Pool  
  17  1:17  Drone  
  17  1:20  Drone  
  18  1:27  Drone  
  19  1:38  Drone  
  20  1:49  Hatchery  
  20  1:51  Drone  
  20  2:01  Queen  
  20  2:04  Zergling x2  
  23  2:14  Queen  
  25  2:20  Overlord  
  25  2:24  Drone  
  25  2:27  Drone  
  27  2:32  Metabolic Boost  
  27  2:34  Drone  
  28  2:39  Zergling x2  
  28  2:41  Drone  
  30  2:44  Drone  
  30  2:50  Queen  
  33  2:53  Drone  
  33  2:55  Drone  
  33  2:58  Drone  
  36  3:04  Queen  
  38  3:08  Overlord  
  38  3:10  Zergling x2  
  39  3:13  Drone  
  39  3:14  Zergling x2  
  39  3:17  Drone  
  42  3:27  Zergling x4, Drone  
  43  3:28  Drone  
  43  3:29  Drone  
  43  3:30  Drone  
  43  3:31  Drone  
  48  3:35  Drone  
  48  3:36  Drone  
  49  3:42  Overlord  
  49  3:47  Overlord  
  49  3:51  Spore Crawler x2  
  49  3:54  Overlord  
  47  3:58  Overlord  
  47  4:00  Queen  
  47  4:01  Spore Crawler, Drone  
  49  4:03  Drone  
  49  4:09  Zergling x4, Drone x2  
  53  4:11  Drone  
  53  4:14  Drone  
  53  4:16  Drone x2  
  57  4:19  Zergling x2  
  57  4:21  Drone  
  57  4:22  Drone  
  57  4:23  Drone  
  61  4:25  Drone  
  61  4:30  Lair  
  62  4:33  Overlord  
  62  4:36  Drone x2  
  64  4:38  Roach Warren  
  64  4:41  Extractor  
  64  4:43  Extractor  
  64  4:44  Zergling x6  
  64  4:45  Drone  
  65  4:49  Drone x2  
  65  4:52  Drone x3  
  69  4:57  Drone x4  
  73  5:01  Overlord  
  73  5:02  Overlord  
  73  5:03  Drone  
  73  5:05  Drone  
  73  5:06  Overlord  
  74  5:08  Drone  
  74  5:10  Drone x2  
  74  5:12  Drone  
  78  5:15  Extractor x2  
  78  5:17  Drone  
  78  5:19  Drone  
  78  5:20  Drone, Overlord  
  79  5:23  Drone x2  
  79  5:25  Extractor  
  79  5:28  Glial Reconstitution, Overlord  
  80  5:30  Overseer  
  80  5:34  Infestation Pit  
  78  5:38  Drone x3  
  78  5:40  Roach x2  
  78  5:41  Roach  
  85  5:45  Roach x2  
  85  5:46  Roach  
  85  5:47  Roach  
  93  5:52  Roach x2  
  93  5:56  Roach x3  
  102  5:58  Roach  
  102  5:59  Zergling x4  
  102  6:02  Roach  
  107  6:05  Overlord  
  107  6:07  Roach x2  
  110  6:14  Roach x3  
  110  6:15  Zergling x4  
  110  6:21  Drone  
  110  6:24  Drone x3  
  112  6:26  Drone  
  112  6:28  Drone x2  
  112  6:30  Drone  
  112  6:31  Drone  
  117  6:38  Overlord  
  117  6:39  Overlord  
  117  6:41  Overlord  
  117  6:45  Drone x2  
  117  6:47  Evolution Chamber  
  117  6:49  Nydus Network  
  117  6:51  Zergling x4  
  117  6:53  Zergling x2, Roach  
  122  6:54  Zergling x2  
  122  7:00  Overlord  
  121  7:11  Drone x3  
  121  7:13  Overlord  
  124  7:16  Overlord  
  124  7:19  Swarm Host x6  
  140  7:23  Ravager  
  140  7:24  Swarm Host x2  
  140  7:26  Swarm Host  
  140  7:29  Zerg Missile Weapons Level 1  
  150  7:30  Swarm Host  
  150  7:33  Swarm Host  
  150  7:35  Swarm Host  
  158  7:38  Swarm Host  
  158  7:39  Swarm Host  
  164  7:47  Nydus Canal  
  164  7:48  Swarm Host  
  167  7:52  Overlord  
  167  7:54  Overlord  
  167  7:56  Hatchery, Ravager  
  167  7:57  Overlord  
  168  7:58  Ravager  
  168  7:59  Overlord  
  168  8:04  Overlord  
  168  8:07  Nydus Canal  
  168  8:11  Swarm Host x2  
  174  8:14  Zergling x10, Roach  
  174  8:18  Roach x2  
  185  8:21  Roach  
  185  8:22  Roach  
  185  8:23  Roach  
  185  8:24  Zergling x2  
  185  8:26  Zergling x2, Ravager  
  185  8:27  Zergling x2  
  195  8:30  Roach x2  
  195  8:31  Zergling x2  
  200  8:40  Roach  
  197  8:43  Roach  
  197  8:44  Zergling x10  
  197  8:45  Roach  
  194  8:49  Roach x3  
  194  8:51  Roach  
  197  8:56  Roach, Ravager  
  199  9:06  Roach  
  199  9:07  Roach  
  199  9:09  Roach  
  199  9:10  Roach  
  199  9:11  Roach x2  
  199  9:12  Roach x4  
  199  9:14  Roach  
  195  9:17  Roach x2  
  195  9:18  Roach  
  195  9:20  Roach  
  195  9:22  Ravager, Roach  
  193  9:28  Ravager  
  193  9:30  Ravager  

Tags
 
Add a new tag
Caveats
  • Supply blocks, unpowered buildings, or Contaminate may cause inaccurate times.
  • Supply counts are checked every 10 seconds.